 Dungeon Crawl Stone Soup version 0.27-a0-1140-g099f9bb0e8 (webtiles) character file.

Game seed: 5842037985557611598

1 polve the Skirmisher (level 1, -3/18 HPs)
             Began as a Demonspawn Abyssal Knight on May 8, 2021.
             Was an Initiate of Lugonu.
             Slain by a quokka (4 damage)
             ... on level 1 of the Dungeon.
             The game lasted 00:00:12 (310 turns).

polve the Skirmisher (Demonspawn Abyssal Knight)     Turns: 310, Time: 00:00:13

Health: -3/18      AC:  3    Str: 12    XL:     1   Next: 16%
Magic:  2/2        EV: 11    Int: 13    God:    Lugonu [......]
Gold:   0          SH:  0    Dex: 12    Spells: 0/0 levels left

rFire    . . .     SeeInvis .   a - +1 short sword
rCold    . . .     Faith    .   (no shield)
rNeg     . . .     Spirit   .   b - +0 leather armour
rPois    .         Reflect  .   (no helmet)
rElec    .         Harm     .   (no cloak)
rCorr    .         Rampage  .   (no gloves)
Will     .....                  (no boots)
Stlth    +.........             (no amulet)
HPRegen  0.06/turn              (no ring)
MPRegen  0.08/turn              (no ring)

@: no status effects
A: no striking features
a: Renounce Religion


You were on level 1 of the Dungeon.
You worshipped Lugonu.
Lugonu was noncommittal.
You visited 1 branch of the dungeon, and saw 1 of its levels.
You visited the Abyss 1 time.

Inventory:

Hand Weapons
 a - a +1 short sword (weapon)
Armour
 b - a +0 leather armour (worn)
Scrolls
 c - a scroll of identify {unknown}


   Skills:
 - Level 3.0 Fighting
 + Level 1.9 Short Blades
 - Level 1.7 Armour
 - Level 0.8 Dodging
 - Level 2.4 Invocations


You couldn't memorise any spells.
You didn't know any spells.
Your spell library was empty.

Dungeon Overview and Level Annotations

Branches:
Dungeon (1/15)

Altars:


Message History

You are too injured to fight recklessly!
You are too injured to fight recklessly!
You are too injured to fight recklessly!
You are too injured to fight recklessly!
You are too injured to fight recklessly!
You are too injured to fight recklessly!
There are monsters nearby!
There are monsters nearby!
There are monsters nearby!
You miss the quokka. The quokka barely misses you.
The quokka closely misses you. The quokka barely misses you.
You are too injured to fight recklessly!
You miss the quokka.
The quokka bites you but does no damage.
The quokka bites you. x2
You completely miss the quokka. The quokka barely misses you.
The quokka closely misses you.
You barely miss the quokka. The quokka misses you. The quokka bites you.
* * * LOW HITPOINT WARNING * * *
You barely miss the quokka. The quokka bites you.
* * * LOW HITPOINT WARNING * * *
The quokka barely misses you.
You hit the quokka.
The quokka is severely wounded.
The quokka bites you but does no damage. x2
The quokka barely misses you.
You hit the quokka.
The quokka is almost dead.
The quokka misses you. x2; The quokka bites you.
* * * LOW HITPOINT WARNING * * *
You miss the quokka.
The quokka is almost dead.
The quokka bites you.
* * * LOW HITPOINT WARNING * * *
The quokka misses you.
You hit the quokka.
You kill the quokka!
Lugonu accepts your kill. The quokka bites you.
You die...

####.##.# .....##.#
#######.#
#######.##########
...(.............##
#######...........#
##########..# #..#
#@.# #†r# #..# #
#..# # #..# #..#
#..# ....


You could see a quokka.

Vanquished Creatures
  A hobgoblin (D:1)
  A quokka (D:1)
2 creatures vanquished.

Notes
Turn   | Place    | Note
-------+----------+-------------------------------------------
     0 | Abyss:1  | polve the Demonspawn Abyssal Knight began the quest for the
                  | Orb.
     0 | Abyss:1  | Reached XP level 1. HP: 18/18 MP: 2/2
    42 | Abyss:1  | Found a corrupted altar of Lugonu.
    54 | Abyss:1  | Noticed an ancient zyme
    58 | D:1      | Escaped the Abyss
   310 | D:1      | Slain by a quokka

Illustrated notes

Levels and vault maps discovered:
D:1:      dpeg_arrival_lava_temple_mockup, layout_loops_ring

Action                   || total
-------------------------++-------
Melee: Short sword       ||    13
Invok: Depart the Abyss  ||     1
Armor: Leather armour    ||     4
Dodge: Dodged            ||    15

Table legend: (Time is in decaauts)
 A = Elapsed time spent in this place.
 B = Non-inter-level travel time spent in this place.
 C = Inter-level travel time spent in this place.
 D = Time resting spent in this place.
 E = Time spent auto-exploring this place.
 F = Levels seen in this place.
 G = Mean time per level.
                   A        B        C        D        E       F      G
               +--------+--------+--------+--------+--------+-----+--------+
         Total |    310 |    310 |      0 |      0 |    283 |   2 |  155.0 |
       Dungeon |    251 |    251 |      0 |      0 |    229 |   1 |  251.0 |
         Abyss |     58 |     58 |      0 |      0 |     54 |   1 |   58.0 |
               +--------+--------+--------+--------+--------+-----+--------+

Top non-repeatable levels by time:
     D:1: 251 daAuts
 Abyss:1: 58 daAuts
